AoeStats
← IdliDosa

Fortress

508467132Analyzed
4v4 RM · 9d ago on Sep 22, 2026· 72m 57s· 8 players
Game mode
Random Map
Map size
Huge
Population
200
Speed
Normal
Resources
Standard
Victory
Conquest
Starting age
Dark Age
Ending age
Imperial Age
RankedLock teamsTeams togetherTeam positionsShared explorationLock speedFull tech treeHidden civsTurbo modeCheats
Victory
Defeat
🇸🇪 Britons · Sweden
1223
+12
🇮🇳 Saxons · India
1216
+12
🇬🇷 Franks · Greece
1147
+15
🇷🇺 Bohemians · Russia
1142
+15
🇹🇼 Danes · Taiwan
1213
-18
🇧🇩 Dravidians · Bangladesh
1194
-16
🇨🇱 Spanish · Chile
1057
-11
🇹🇼 Vietnamese · Taiwan
1012
-9
ikaros
8:07 Feudal Age
9:24 Double-Bit Axe
11:58 Castle Age
10:03 Horse Collar
13:13 Bow Saw
15:41 Loom
18:26 Crossbowman
20:05 Gold Mining
21:58 Wheelbarrow
23:37 Padded Archer Armor
24:00 Hand Cart
23:32 Town Watch
24:58 Gold Shaft Mining
25:25 Stone Mining
29:31 Imperial Age
26:36 Pikeman
27:19 Fletching
28:57 Ballistics
28:36 Bodkin Arrow
28:43 Scale Mail Armor
28:56 Forging
29:17 Squires
29:48 Leather Archer Armor
29:48 Town Patrol
30:28 Bracer
29:55 Arbalester
31:39 Chemistry
31:49 Chain Mail Armor
32:47 Halberdier
34:20 Conscription
34:22 Yeomen
36:40 Leather Archer Armor
36:55 Plate Mail Armor
38:40 Scale Barding Armor
39:12 Iron Casting
39:10 Ring Archer Armor
40:45 Scale Barding Armor
41:41 Blast Furnace
41:27 Elite Longbowman
43:29 Light Cavalry
44:09 Husbandry
44:31 Chain Barding Armor
46:56 Plate Barding Armor
52:40 Caravan
54:30 Siege Engineers
54:36 Masonry
54:37 Fortified Wall
boo
8:00 Feudal Age
12:00 Castle Age
10:14 Double-Bit Axe
14:05 Bow Saw
20:06 Town Watch
21:00 Wheelbarrow
25:15 Imperial Age
23:59 Scale Barding Armor
23:55 Scale Mail Armor
24:07 Forging
25:28 Husbandry
25:46 Caravan
25:40 Cavalier
26:54 Chain Barding Armor
26:50 Chain Mail Armor
27:11 Iron Casting
27:28 Hand Cart
27:24 Paladin
29:26 Pikeman
30:07 Squires
30:40 Loom
31:13 Gold Mining
31:29 Halberdier
34:52 Plate Barding Armor
34:49 Plate Mail Armor
41:15 Ordonnance Companies
43:56 Conscription
43:39 Chivalry
45:03 Blast Furnace
48:48 Coinage
51:29 Light Cavalry
IdliDosa
6:01 Feudal Age
6:58 Double-Bit Axe
6:56 Horse Collar
14:33 Castle Age
16:06 Loom
16:57 Wheelbarrow
17:28 Bow Saw
17:19 Heavy Plow
18:33 Squires
18:37 Scale Mail Armor
20:02 Chain Mail Armor
20:31 Forging
20:09 Arson
22:09 Hand Cart
23:32 Town Watch
24:52 Iron Casting
27:13 Gold Mining
27:13 Stone Mining
30:41 Imperial Age
28:13 Pikeman
29:33 Pikeman
30:28 Fletching
32:24 Conscription
31:25 Elite Hearth Troop
32:49 Halberdier
33:54 Shield Wall
36:20 Hoardings
36:40 Plate Mail Armor
37:56 Crop Rotation
38:50 Bodkin Arrow
40:13 Two-Man Saw
39:45 Bracer
40:14 Ballistics
40:48 Siege Engineers
40:05 Capped Ram
43:25 Chemistry
44:22 Gold Shaft Mining
45:13 Gambesons
44:48 Man-at-Arms
46:03 Long Swordsman
46:51 Two-Handed Swordsman
48:33 Champion
59:46 Caravan
64:26 Padded Archer Armor
64:52 Masonry
65:41 Thumb Ring
64:57 Elite Skirmisher
66:33 Leather Archer Armor
69:17 Ring Archer Armor
68:41 Crossbowman
69:43 Arbalester
72:05 Siege Ram
Pepe
7:20 Feudal Age
8:05 Double-Bit Axe
8:06 Horse Collar
13:23 Castle Age
19:14 Heavy Plow
21:07 Bow Saw
22:16 Wheelbarrow
21:04 Man-at-Arms
24:11 Fervor
26:50 Forging
27:22 Hand Cart
27:41 Fortified Wall
28:24 Redemption
30:20 Pikeman
33:40 Imperial Age
31:57 Fletching
34:00 Chemistry
34:24 Ballistics
34:33 Scale Mail Armor
36:10 Iron Casting
37:39 Elite Skirmisher
39:22 Two-Man Saw
39:46 Bodkin Arrow
45:13 Masonry
48:09 Padded Archer Armor
50:37 Houfnice
53:04 Bracer
55:24 Leather Archer Armor
56:04 Siege Engineers
56:30 Architecture
57:43 Chain Mail Armor
61:20 Plate Mail Armor
64:35 Ring Archer Armor
65:43 Halberdier
66:13 Heavy Scorpion
69:45 Guilds
70:04 Caravan
70:10 Loom
台南人
2:09 Loom
8:41 Feudal Age
9:57 Wheelbarrow
13:13 Castle Age
11:50 Double-Bit Axe
11:47 Horse Collar
13:15 Gold Mining
14:45 Bow Saw
14:38 Heavy Plow
19:40 Stone Mining
20:38 Town Watch
22:30 Hand Cart
23:38 Scale Mail Armor
23:49 Forging
24:09 Fletching
34:55 Imperial Age
32:37 Padded Archer Armor
33:08 Fortified Wall
33:29 Bodkin Arrow
34:12 Pikeman
35:03 Thumb Ring
35:25 Ballistics
35:23 Murder Holes
35:43 Man-at-Arms
36:24 Squires
36:10 Arson
36:14 Halberdier
37:24 Chain Mail Armor
37:44 Iron Casting
36:56 Long Swordsman
38:48 Paper Money
38:19 Two-Handed Swordsman
39:34 Plate Mail Armor
39:50 Bracer
40:31 Champion
41:48 Masonry
43:02 Two-Man Saw
42:34 Crop Rotation
42:43 Leather Archer Armor
44:20 Ring Archer Armor
47:41 Chemistry
46:05 Elite Skirmisher
50:59 Elite Rattan Archer
51:40 Imperial Skirmisher
gigan
8:08 Feudal Age
11:46 Castle Age
9:44 Double-Bit Axe
9:47 Horse Collar
14:02 Bow Saw
19:35 Wheelbarrow
19:04 Heavy Plow
20:17 Loom
20:54 Hand Cart
27:12 Imperial Age
24:28 Loom
25:38 Town Watch
25:57 Scale Mail Armor
25:49 Gold Mining
25:49 Stone Mining
26:13 Forging
27:04 Gambesons
27:19 Squires
27:04 Arson
27:37 Chain Mail Armor
27:16 Elite Varangian Guard
27:19 Onager
28:05 Town Patrol
28:13 Scale Barding Armor
28:46 Iron Casting
32:05 Siege Onager
32:51 Hamask
32:52 Northmen's Fury
33:52 Conscription
34:47 Gold Shaft Mining
34:47 Stone Shaft Mining
35:10 Plate Mail Armor
35:40 Blast Furnace
43:09 Caravan
43:40 Coinage
51:01 Pikeman
52:40 Halberdier
jose.salazar29
8:00 Feudal Age
13:06 Castle Age
11:34 Horse Collar
11:54 Stone Mining
15:19 Double-Bit Axe
16:11 Heavy Plow
17:57 Wheelbarrow
17:11 Town Watch
17:14 Loom
25:37 Gold Mining
27:14 Stone Mining
28:56 Scale Barding Armor
28:42 Fletching
30:21 Chain Barding Armor
31:15 Hand Cart
32:27 Stone Shaft Mining
35:30 Coinage
37:34 Imperial Age
36:15 Bodkin Arrow
36:21 Padded Archer Armor
38:02 Elite Conquistador
39:34 Elite Conquistador
40:31 Elite Conquistador
41:44 Elite Skirmisher
42:27 Bracer
42:43 Leather Archer Armor
43:50 Imperial Skirmisher
47:51 Thumb Ring
49:05 Pikeman
61:57 Squires
67:22 Chemistry
66:24 Light Cavalry
67:16 Bloodlines
J. C. Maxwell
7:34 Feudal Age
12:27 Castle Age
10:19 Horse Collar
11:59 Gold Mining
11:58 Double-Bit Axe
13:50 Bow Saw
13:41 Heavy Plow
16:44 Wheelbarrow
17:38 Stone Mining
18:16 Loom
19:05 Hand Cart
24:01 Imperial Age
21:57 Thumb Ring
21:47 Fletching
22:40 Bodkin Arrow
22:45 Padded Archer Armor
23:26 Husbandry
24:43 Bracer
25:06 Ballistics
25:48 Chemistry
25:37 Conscription
25:54 Forging
26:02 Town Watch
26:58 Wootz Steel
27:02 Scale Barding Armor
28:02 Iron Casting
28:18 Chain Barding Armor
27:37 Light Cavalry
30:38 Blast Furnace
30:11 Medical Corps
31:14 Leather Archer Armor
33:06 Ring Archer Armor
32:38 Elite Elephant Archer
33:52 Fortified Wall
35:38 Hoardings
36:10 Two-Man Saw
43:45 Elite Skirmisher
45:30 Imperial Skirmisher
51:20 Caravan
52:36 Siege Elephant
53:35 Pikeman
54:26 Squires
54:48 Halberdier
55:32 Scale Mail Armor
56:36 Arson
59:40 Chain Mail Armor
61:26 Plate Mail Armor
64:18 Guilds
64:19 Onager
66:17 Siege Onager
69:45 Man-at-Arms
70:12 Gambesons
71:46 Masonry
71:32 Murder Holes
71:11 Long Swordsman
72:19 Two-Handed Swordsman
Connection lost

Rejoining the realm…

Still unreachable

The connection could not be restored.

Session expired

The server has moved on; the page needs a fresh start.